 Dungeon Crawl Stone Soup version 0.31-a0-354-g827e0957a7 (webtiles) character file.

Game seed: 6052979999107384069

2117 LeprechaunX the Ruffian (level 9, -1/61 HPs)
             Began as an Octopode Shapeshifter on July 24, 2023.
             Slain by a wight
             ... wielding a +0 halberd
              (11 damage)
             ... on level 6 of the Dungeon.
             The game lasted 00:08:38 (4290 turns).

LeprechaunX the Ruffian (Octopode Shapeshifter)     Turns: 4290, Time: 00:08:39

Health: -1/61      AC:  1    Str: 18    XL:     9   Next: 29%
Magic:  14/14      EV: 16    Int: 10    God:
Gold:   304        SH:  0    Dex: 19    Spells: 15/15 levels left

rFire   . . .        f - +6 shillelagh "Devastator" {shatter}
rCold   . . .        (no shield)
rNeg    . . .        (helmet currently unavailable)
rPois   .            x - amulet of the acrobat
rElec   .            h - +6 ring of dexterity
rCorr   .            (no ring)
SInv    .            (no ring)
Will    .....        (no ring)
Stlth   +++          (no ring)
HPRegen 0.30/turn    (no ring)
MPRegen 0.14/turn    (no ring)
                     (no ring)

%: acrobat
@: beast-form
A: beast (slay +3), almost no armour, amphibious, 8 rings, camouflage 1,
gelatinous body 1, (nimble swimmer 1), tentacles
a: Begin Untransformation


You were on level 6 of the Dungeon.
You were a hulking beast.
You visited 1 branch of the dungeon, and saw 6 of its levels.
You also visited: Ossuary.

You collected 304 gold pieces.

Inventory:

Hand Weapons
 f - the +6 shillelagh "Devastator" (weapon) {shatter}
   (You found it on level 2 of the Dungeon)
Missiles
 j - 5 javelins (quivered)
 y - 2 boomerangs
Jewellery
 h - a +6 ring of dexterity (left tentacle)
 x - an amulet of the acrobat (around mantle)
Talismans
 b - a beast talisman
Wands
 e - a wand of roots (6)
 u - a wand of flame (23)
 w - a wand of polymorph (13)
Scrolls
 c - 9 scrolls of identify
 d - 4 scrolls of teleportation {unknown}
 g - 3 scrolls of revelation {unknown}
 i - 5 scrolls of fog
 l - a scroll of blinking {unknown}
 m - 3 scrolls of enchant armour {unknown}
 n - a scroll of amnesia {unknown}
 o - 2 scrolls of vulnerability {unknown}
 q - 2 scrolls of fear {unknown}
 r - a scroll of acquirement {unknown}
 s - a scroll of enchant weapon {unknown}
Potions
 a - a potion of haste {unknown}
 k - 2 potions of invisibility {unknown}
 p - 2 potions of might {unknown}
 t - a potion of cancellation {unknown}
 v - 2 potions of curing {unknown}


   Skills:
 + Level 5.0 Fighting
 + Level 4.4 Maces & Flails
 + Level 5.2 Dodging
 + Level 6.0 Unarmed Combat
 + Level 3.9 Spellcasting
 + Level 5.0 Shapeshifting


You had 15 spell levels left.
You didn't know any spells.
Your spell library contained the following spells:

 Spells                   Type           Power      Damage    Failure   Level
 Freeze                   Ice            4%         1d3       26%         1
 Blink                    Tloc           2%         N/A       36%         2
 Ensorcelled Hibernation  Hex/Ice        2%         N/A       36%         2
 Lesser Beckoning         Tloc           2%         N/A       36%         2
 Momentum Strike          Conj/Tloc      2%         3d8       36%         2
 Passwall                 Tmut/Erth      0%         N/A       36%         2
 Dazzling Flash           Conj/Hex       2%         N/A       61%         3
 Frozen Ramparts          Ice            2%         1d1       61%         3
 Hailstorm                Conj/Ice       1%         3d3       61%         3
 Swiftness                Air            1%         N/A       61%         3
 Volatile Blastmotes      Fire/Tloc      2%         2d10      61%         3
 Starburst                Conj/Fire      0%         6d3       100%        6
 Maxwell's Capacitive Co  Air            0%         ∞         100%        8


Dungeon Overview and Level Annotations

Branches:
Dungeon (6/15)            Ossuary (visited)
 Temple: D:4-7

Altars:
Cheibriados
Gozag
Okawaru
Ru

Shops:
D:2 *   D:3 *[


Innate Abilities, Weirdness & Mutations

You are a hulking beast.
Your limbs bulge with bestial killing power. (Slay +3)
You cannot wear most types of armour.
You are amphibious.
You can wear up to eight rings at the same time.
Your skin changes colour to match your surroundings (Stealth+).
Your rubbery body absorbs attacks. (AC +1, EV +1)
((You are camouflaged when in or above water. (Stealth+)))
You have tentacles for arms and can constrict up to eight enemies at once.


Message History

You feel sick. The wight misses you.
You sock the wight!
The wights shudder.
You destroy the wight!
The wight is moderately damaged.
You feel sick.
A wight comes into view. It is wielding a +4 trident.
Your Shapeshifting skill increases to level 5!
You hit the wight.
The wight shudders.
You destroy the wight!
You feel sick.
Your Unarmed Combat skill increases to level 6!
You feel sick.
A wight comes into view. It is wielding a +0 halberd.
Things that are here:
a +0 whip; a gnoll corpse You feel sick.
You feel sick.
You feel sick.
You feel sick.
There is a stone staircase leading down here.
You feel sick.
You are no longer poisoned.
There is a stone staircase leading up here.
The wight completely misses you.
You barely miss the wight. You grab the wight. You squeeze the wight!
The wight is heavily damaged.
You constrict the wight.
The wight hits you with a +4 trident! x2
* * * LOW HITPOINT WARNING * * *
You bludgeon the wight!!
You destroy the wight!
Your Fighting skill increases to level 5!
The wight completely misses you.
Things that are here:
a +4 trident; a +0 robe You hit the wight.
The wight shudders.
The wight is almost destroyed.
Your grab misses the wight.
The wight is almost destroyed.
The wight hits you with a +0 halberd!
You die...

#)...# ... ###..###
... ..#z...# #.
#..##.#.##.# #.#.
#..##.#># ## #.#.
#..##.#z#
#.#.#.###.......#
#.#.....[.....#####
#.##.#######..zh..#
#.##.#.....#.######
#.##.#.....#.#
#.##.#.._..#.#
##.##.#.....#.#
......#.....#.#
...#..###'###.#
####..........#
#####....###


You could see a wight.

Vanquished Creatures
  Grinder (D:3)
  Sigmund (D:3)
  A water moccasin (D:5)
  Duvessa (D:5)
  2 black bears (D:5)
  An ogre (D:5)
  A centaur (D:5)
  A gnoll sergeant (D:6)
  A scorpion (D:6)
  3 wights (D:6)
  Dowan (D:5)
  A howler monkey (D:5)
  5 centaur zombies (Ossuary)
  A hound (D:4)
  3 jellies
  An orc priest (D:4)
  Ijyb (D:3)
  A sleepcap (D:4)
  4 iguanas
  2 orc wizards (D:4)
  6 mummies (Ossuary)
  11 adders
  5 gnolls (D:6)
  A worm (D:4)
  2 dart slugs (D:3)
  15 orcs
  7 ball pythons
  7 endoplasms
  2 giant cockroaches
  8 hobgoblins
  10 jackals
  8 quokkas
  8 bats
  4 frilled lizards
  5 goblins
  3 hobgoblin zombies (Ossuary)
  9 kobolds
  8 rats
152 creatures vanquished.

Notes
Turn   | Place    | Note
-------+----------+-------------------------------------------
     0 | D:1      | LeprechaunX the Octopode Shapeshifter began the quest for
                  | the Orb.
     0 | D:1      | Reached XP level 1. HP: 13/13 MP: 1/1
     0 | D:1      | Noticed a spriggan
    11 | D:1      | Noticed a vine stalker
    13 | D:1      | Noticed a tengu
   152 | D:1      | Reached XP level 2. HP: 14/18 MP: 2/2
   254 | D:1      | Found a faded altar of an unknown god.
   609 | D:1      | Reached XP level 3. HP: 23/23 MP: 3/3
   811 | D:2      | Found the +6 shillelagh "Devastator" {shatter}
   939 | D:2      | Reached XP level 4. HP: 29/29 MP: 4/4
  1024 | D:2      | Found an opulent altar of Gozag.
  1194 | D:2      | Found Pienext's General Store.
  1539 | D:3      | Noticed Ijyb
  1542 | D:3      | Killed Ijyb
  1543 | D:3      | Reached skill level 1 in Spellcasting
  1543 | D:3      | Reached XP level 5. HP: 31/34 MP: 6/6
  1558 | D:3      | Noticed Sigmund
  1570 | D:3      | Found an opulent altar of Gozag.
  1570 | D:3      | Found Gozag's Platinum Reserve.
  1582 | D:3      | Killed Sigmund
  1583 | D:3      | Reached skill level 1 in Maces & Flails
  1583 | D:3      | Reached skill level 4 in Unarmed Combat
  1583 | D:3      | Reached XP level 6. HP: 9/41 MP: 6/8
  1890 | D:3      | Found Qof Ogoc's Armour Emporium.
  1982 | D:3      | Noticed Grinder
  1988 | D:3      | Killed Grinder
  1989 | D:3      | Reached XP level 7. HP: 46/46 MP: 8/10
  2091 | D:3      | Found a snail-covered altar of Cheibriados.
  2474 | D:4      | Found a sand-covered staircase.
  2497 | Ossuary  | Entered an ossuary
  2526 | Ossuary  | Reached XP level 8. HP: 9/54 MP: 10/12
  2541 | Ossuary  | Reached skill level 5 in Unarmed Combat
  3121 | D:5      | Entered Level 5 of the Dungeon
  3425 | D:5      | Noticed Dowan
  3427 | D:5      | Noticed Duvessa
  3443 | D:5      | Killed Duvessa
  3443 | D:5      | Killed Dowan
  3665 | D:5      | Reached XP level 9. HP: 58/59 MP: 14/14
  3696 | D:5      | Reached skill level 5 in Dodging
  4112 | D:6      | Found a sacrificial altar of Ru.
  4174 | D:6      | Found an iron altar of Okawaru.
  4273 | D:6      | Reached skill level 5 in Shapeshifting
  4274 | D:6      | Reached skill level 6 in Unarmed Combat
  4289 | D:6      | Reached skill level 5 in Fighting
  4290 | D:6      | Slain by a wight

Illustrated notes

Levels and vault maps discovered:
D:1:      shiori_arrival_whats_in_store_for_you, layout_basic,
          basic_ecumenical_altar
D:2:      layout_loops_cross, basic_altar, serial_shops, shop,
          minmay_pentomino_x4
D:3:      layout_rooms, mainiacjoe_overflow_paths,
          nicolae_gozag_zags_fifth_avenue, serial_shops, shop,
          item_on_display_b, uniq_sigmund, uniq_grinder, uniq_ijyb
D:4:      layout_cave_pools, nicolae_ossuary_entry_ruins,
          chequers_serial_rivers_micro_d
D:5:      layout_basic, nicolae_overflow_hidden_temple,
          chequers_serial_rivers_micro_a, nicolae_sextant,
          kb_lookout_dungeons_type, uniq_duvessa
D:6:      layout_loops_ring, kennysheep_mini, general_overflow_altar,
          amcnicky_altar_gilded, gammafunk_temple_overflow_arena, temple_green

Skill      XL: |  1  2  3  4  5  6  7  8  9 |
---------------+----------------------------+-----
Fighting       | 2 3 4 5 |  5.0
Spellcasting   | 1 2 3 |  3.9
Maces & Flails | 1 2 4 |  4.4
Dodging        | 3 4 5 |  5.2
Unarmed Combat | 4 5 6 |  6.0
Shapeshifting  | 4 5 |  5.0

Action                     |  1- 3 |  4- 6 |  7- 9 || total
---------------------------+-------+-------+-------++-------
  Melee: Unarmed           |    46 |       |       ||    46
         Constrict         |    15 |     7 |    15 ||    37
         Tentacles         |     9 |     3 |     9 ||    21
         Shillelagh        |     5 |    47 |    97 ||   149
         Punch             |       |       |     3 ||     3
  Throw: Javelin           |       |     4 |    10 ||    14
    Use: Potion            |       |     2 |       ||     2
         Scroll            |       |       |     1 ||     1
   Stab: Sleeping          |     5 |     5 |     6 ||    16
 Armour: Skin              |     4 |     3 |    31 ||    38
  Dodge: Dodged            |    30 |    25 |    79 ||   134

Table legend: (Time is in decaauts)
 A = Elapsed time spent in this place.
 B = Non-inter-level travel time spent in this place.
 C = Inter-level travel time spent in this place.
 D = Time resting spent in this place.
 E = Time spent auto-exploring this place.
 F = Levels seen in this place.
 G = Mean time per level.
                   A        B        C        D        E       F      G
               +--------+--------+--------+--------+--------+-----+--------+
         Total |   4320 |   4081 |    239 |    324 |   2879 |   7 |  617.1 |
       Dungeon |   4049 |   3810 |    239 |    206 |   2836 |   6 |  674.8 |
       Ossuary |    271 |    271 |      0 |    118 |     43 |   1 |  271.0 |
               +--------+--------+--------+--------+--------+-----+--------+

Top non-repeatable levels by time:
     D:5: 950 daAuts
     D:2: 781 daAuts
     D:1: 760 daAuts
     D:3: 717 daAuts
     D:4: 615 daAuts
 Ossuary: 271 daAuts
     D:6: 224 daAuts
